 Dungeon Crawl Stone Soup version 0.17-a0-2147-gfb20a63 (console) character file.

77 brucemayne the Chopper (level 4, 0/35 HPs)
             Began as a Demonspawn Berserker on Oct 24, 2015.
             Was a Follower of Trog.
             Succumbed to a worker ant's poison
             ... on level 4 of the Dungeon.
             The game lasted 00:03:03 (731 turns).

brucemayne the Chopper (Demonspawn Berserker)        Turns: 731, Time: 00:03:03

Health: 0/35       AC: 14    Str: 19    XL:     4   Next: 14%
Magic:  4/4        EV:  6    Int: 13    God:    Trog [*.....]
Gold:   85         SH:  0    Dex: 12    Spells: 0 memorised, 3 levels left

rFire  . . .     SeeInvis .     a - +0 hand axe
rCold  . . .     Clarity  .     p - +0 plate armour (curse)
rNeg   . . .     SustAt   .     (no shield)
rPois  .         Gourm    .     (no helmet)
rElec  .         Spirit   .     (no cloak)
rCorr  .         Warding  .     (no gloves)
rMut   .         Stasis   .     (no boots)
MR     .....                    (no amulet)
Stlth  ..........               (no ring)
                                (no ring)

@: brilliant, lethally poisoned (0 -> -6), not resistant to hostile
enchantments, extremely unstealthy
A: iridescent scales 1, powered by pain 1
a: Berserk, Burn Spellbooks, Renounce Religion


You were on level 4 of the Dungeon.
You worshipped Trog.
Trog was aware of your devotion.
You were hungry.

You visited 1 branch of the dungeon, and saw 4 of its levels.

You collected 85 gold pieces.

Inventory:

Hand Weapons
 a - a +0 hand axe (weapon)
 i - a +0 hand axe
 q - a cursed -2 trident
Missiles
 f - 8 javelins (quivered)
Armour
 b - a +0 animal skin
 d - a +0 chain mail
 p - a cursed +0 plate armour (worn)
Scrolls
 h - a scroll of enchant weapon
 l - a scroll of identify
 n - a scroll of amnesia {unknown}
Books
 o - a book of Alchemy

   Spells                             Type                      Level
   a - Sublimation of Blood           Necromancy                   2
   b - Ignite Poison                  Fire/Transmutation/Poison    3
   c - Alistair's Intoxication        Transmutation/Poison         4
   d - Condensation Shield            Ice                          4
   e - Petrify                        Transmutation/Earth          4
   f - Irradiate                      Conjuration/Transmutation    5
   Trog disapproves of the use of such an item.
Comestibles
 c - 3 bread rations
 g - a meat ration
 j - 5 chunks of flesh


   Skills:
 - Level 3.0 Fighting
 + Level 4.5 Axes
 - Level 1.7 Armour
 - Level 1.7 Dodging


You had 3 spell levels left.
You didn't know any spells.

Dungeon Overview and Level Annotations

Branches:
Dungeon (4/15)             Temple (0/1) D:4

Altars:
Kikubaaqudgha
Sif Muna
Vehumet
Yredelemnul


Innate Abilities, Weirdness & Mutations

You are partially covered in iridescent scales (AC +4).
You sometimes gain a little power by taking damage.


Message History

As you read the scroll labeled WATOYTHRAIZ, it crumbles to dust.
It is a scroll of identify.
Identify which item? (\ to view known items) (? for menu, Esc to quit)
h - a scroll of enchant weapon The adder skeleton closely misses you.
Read which item? (? for menu, Esc to quit)
As you read the scroll labeled IXTUKE ARCHEMIB, it crumbles to dust.
You feel aware of your surroundings.
You sensed 1 altar.
It was a scroll of magic mapping.
* * * LOW HITPOINT WARNING * * *
You feel sick.
The adder skeleton bites you but does no damage.
You hit the adder skeleton.
* * * LOW HITPOINT WARNING * * *
You feel sick.
The adder skeleton bites you but does no damage.
You hit the adder skeleton.
The adder skeleton bites you but does no damage. x2
Your plate armour prevents you from hitting the adder skeleton.
You die...

***,,,,,*****,**,*,,,* *,*
,,,,,,,,,,,,,,,,,,,*** *,*
****************,*,,* *,* *
*,*,,** *,* * *,*,,,* *,*
********** ****,*,,,******,*
,,,,,,,,,* #,,,,**,,,**,,,,*
,,,,,,,,,*###.####*,,,**,****
,,,,,,,,,*#....Z@#**,,**,*
,,,,,,,,,*#....### *,,**,*
,,,,,,,,,*#....* **,**,*
,,,,,,,,,*#....* *,,*,*
,,,,,,,,,*#....* **,*,*
,,,,,,,,,*#####* *,,,****
***,,,,,,,* *,,,,,,*
*,,,,,,,* **,***,*
*,,,,,,,******** *<,,**,*


You could see an adder skeleton.

Vanquished Creatures
  A worker ant (D:4)
  2 adders
  An ooze (D:1)
  2 worms (D:2)
  An orc (D:3)
  2 bats
  A giant cockroach (D:3)
  A hobgoblin (D:3)
  A ball python (D:3)
  A goblin (D:2)
  4 jackals (D:2)
  4 kobolds
  A quokka (D:2)
  2 rats
24 creatures vanquished.

Notes
Turn   | Place    | Note
--------------------------------------------------------------
     0 | D:1      | brucemayne the Demonspawn Berserker began the quest for the Orb.
     0 | D:1      | Reached XP level 1. HP: 18/18 MP: 1/1
   264 | D:2      | Gained mutation: You are partially covered in iridescent scales (AC +4). [demonic ancestry]
   264 | D:2      | Reached XP level 2. HP: 24/24 MP: 2/2
   337 | D:2      | Found a deep blue altar of Sif Muna.
   345 | D:2      | Found an ancient bone altar of Kikubaaqudgha.
   348 | D:2      | Found a basalt altar of Yredelemnul.
   353 | D:2      | Found a radiant altar of Vehumet.
   573 | D:3      | Reached XP level 3. HP: 29/29 MP: 3/3
   626 | D:3      | Reached skill level 4 in Axes
   721 | D:4      | Gained mutation: You sometimes gain a little power by taking damage. [demonic ancestry]
   721 | D:4      | Reached XP level 4. HP: 8/35 MP: 4/4
   729 | D:4      | HP: 1/35 [poisoned by a worker ant]
   731 | D:4      | Succumbed to a worker ant's poison

Vault maps used:
D:1:      lightli_arrival_windingriver
D:2:      grunt_temple_overflow_cloverleaf, first_bread, grunt_ministairs_6
D:3:      kennysheep_six_static_rooms, bloody_trog, nemelex_spade_bored_becter,
          uniq_sigmund
D:4:      lemuel_coloured_pillars_altar, lemuel_temple_firewalk_marked

Action                   |  1- 3 |  4- 6 || total
-------------------------+-------+-------++-------
Melee: Hand axe          |   104 |     4 ||   108
Invok: Berserk           |     2 |       ||     2
  Use: Potion            |     3 |     1 ||     4
       Scroll            |       |     2 ||     2
  Eat: Chunk             |     1 |       ||     1
